 Dungeon Crawl Stone Soup version 0.23.2-30-g0e89c35649 (webtiles) character file.

Game seed: 14164645483048979267

424 EcosseEcosse the Chopper (level 6, -6/53 HPs)
             Began as a Minotaur Fighter on June 21, 2019.
             Was an Initiate of Trog.
             Mangled by straszyg's ghost (12 damage)
             ... on level 3 of the Dungeon.
             The game lasted 00:07:23 (2463 turns).

EcosseEcosse the Chopper (Minotaur Fighter)         Turns: 2463, Time: 00:07:24

Health: -6/53      AC:  7    Str: 21    XL:     6   Next: 64%
Magic:  5/5        EV:  8    Int:  5    God:    Trog [......]
Gold:   245        SH: 10    Dex: 11    Spells: 5/5 levels left

rFire    . . .     SeeInvis .   a - +0 war axe
rCold    . . .     Gourm    .   c - +0 shield
rNeg     . . .     Faith    .   b - +0 scale mail
rPois    .         Spirit   .   (helmet restricted)
rElec    .         Reflect  .   (no cloak)
rCorr    .         Harm     .   (no gloves)
MR       .....                  (no boots)
Stlth    ..........             (no amulet)
HPRegen  0.17/turn              (no ring)
MPRegen  0.09/turn              (no ring)

@: no status effects
A: retaliatory headbutt, horns 2
a: Renounce Religion


You were on level 3 of the Dungeon.
You worshipped Trog.
Trog was noncommittal.
You were not hungry.

You visited 1 branch of the dungeon, and saw 3 of its levels.

You collected 245 gold pieces.

Inventory:

Hand Weapons
 a - a +0 war axe (weapon)
 n - a +3 dagger of venom
Armour
 b - a +0 scale mail (worn)
 c - a +0 shield (worn)
 m - a +1 robe of magic resistance
 o - a +2 helmet of see invisible
Jewellery
 j - a cursed ring of attention {unknown}
Wands
 r - a wand of random effects (15)
Scrolls
 h - a scroll of remove curse
 i - 2 scrolls of enchant weapon {unknown}
 k - 5 scrolls of identify {unknown}
 l - a scroll of random uselessness {unknown}
 p - a scroll of fear {unknown}
Potions
 d - 2 potions of might
 e - 2 potions of lignification
Comestibles
 f - 3 rations


   Skills:
 + Level 4.6 Fighting
 + Level 5.5 Axes
 + Level 5.1 Armour
 + Level 1.3 Dodging
 + Level 0.5 Stealth
 + Level 5.4 Shields


You had 5 spell levels left.
You didn't know any spells.
Your spell library was empty.

Dungeon Overview and Level Annotations

Branches:
Dungeon (3/15)

Altars:
Trog
Wu Jian
Yredelemnul

Annotations:
D:3 Ananasrisotto's ghost, weakling DsFi; straszyg's ghost, amateur FoFi; voshxx's ghost, amateur MiFi


Innate Abilities, Weirdness & Mutations

You reflexively headbutt those who attack you in melee.
You have a pair of horns on your head.


Message History

Straszyg's ghost is moderately damaged.
You closely miss Ananasrisotto's ghost. Ananasrisotto's ghost hits you!
Straszyg's ghost shrieks, "What do you have that I didn't have?"
Straszyg's ghost hits you!
* * * LOW HITPOINT WARNING * * *
Straszyg's ghost freezes you.
* * * LOW HITPOINT WARNING * * *
Ananasrisotto's ghost hits you but does no damage.
Voshxx's ghost grins evilly.
Ananasrisotto's ghost barely misses you.
Ananasrisotto's ghost hits you.
* * * LOW HITPOINT WARNING * * *
Straszyg's ghost lets out a mournful wail.
Voshxx's ghost shrieks, "They lied to you.
The Dungeon just goes down and down forever."
Straszyg's ghost screams, "You must not succeed where I failed!"
Ananasrisotto's ghost laughs, "And you think you're capable of finding the ORB?
I had it, you know.
Then I gave it away so I could steal it AGAIN."
As you read the scroll labeled DAERRANUJYTIMN, it crumbles to dust.
You feel blessed for a moment.
It was a scroll of remove curse.
Straszyg's ghost hits you!
You die...

#.#.......# #...#...
#.#.......# #..#_#.#
#.######### #...#..#
#.# ####......# #.#
#.........#
###.#########.#####.#.#
#......................
##..#########.#####.#.#
#...)@WWW.............
#.##########.#.....###
#............#.......#
#.............)....#.#
#............#######.#
############.# #.#
#.### #.# #...# #.#
###.#####.#


You could see Ananasrisotto's ghost, straszyg's ghost and voshxx's ghost.

Vanquished Creatures
  Sigmund (D:3)
  A crimson imp (D:3)
  2 orc priests (D:3)
  Jessica (D:2)
  Ijyb (D:3)
  Robin (D:2)
  4 adders
  A worm (D:3)
  2 dart slugs (D:1)
  4 leopard geckos
  2 orcs (D:3)
  3 giant cockroaches
  15 goblins
  9 hobgoblins
  3 jackals (D:1)
  A quokka (D:2)
  8 bats
  6 frilled lizards
  5 kobolds
  12 rats
82 creatures vanquished.

Vanquished Creatures (others)
  A wizard (D:3)
1 creature vanquished.

Grand Total: 83 creatures vanquished

Notes
Turn   | Place    | Note
-------+----------+-------------------------------------------
     0 | D:1      | EcosseEcosse the Minotaur Fighter began the quest for the
                  | Orb.
     0 | D:1      | Reached XP level 1. HP: 19/19 MP: 0/0
    93 | D:1      | Reached XP level 2. HP: 26/27 MP: 1/1
   342 | D:1      | Reached XP level 3. HP: 20/33 MP: 2/2
   572 | D:2      | Found a basalt altar of Yredelemnul.
   724 | D:2      | Noticed Jessica
   731 | D:2      | Killed Jessica
   731 | D:2      | Reached XP level 4. HP: 33/40 MP: 3/3
   833 | D:2      | Noticed Robin
   875 | D:2      | Killed Robin
  1148 | D:2      | Found an ornate altar of the Wu Jian Council.
  1244 | D:3      | Found a bloodstained altar of Trog.
  1252 | D:3      | Noticed a wizard
  1257 | D:3      | Became a worshipper of Trog the Wrathful
  1258 | D:3      | Killed a wizard
  1270 | D:3      | Reached XP level 5. HP: 45/46 MP: 4/4
  1321 | D:3      | Reached skill level 5 in Shields
  1847 | D:3      | Noticed Ijyb
  1861 | D:3      | Killed Ijyb
  1861 | D:3      | Reached skill level 1 in Dodging
  1861 | D:3      | Reached XP level 6. HP: 53/53 MP: 5/5
  1972 | D:3      | Reached skill level 5 in Axes
  1987 | D:3      | Noticed Sigmund
  2001 | D:3      | Killed Sigmund
  2001 | D:3      | Reached skill level 5 in Armour
  2237 | D:3      | Found a runed translucent gate.
  2237 | D:3      | Found a runed translucent gate.
  2239 | D:3      | Found a faded altar of an unknown god.
  2243 | D:3      | Found a runed translucent gate.
  2243 | D:3      | Noticed Ananasrisotto's ghost (weakling DsFi)
  2243 | D:3      | Noticed voshxx's ghost (amateur MiFi)
  2244 | D:3      | Noticed straszyg's ghost (amateur FoFi)
  2463 | D:3      | Mangled by straszyg's ghost

Skill      XL: |  1  2  3  4  5  6 |
---------------+-------------------+-----
Armour         | 4 5 |  5.1
Shields        | 4 5 |  5.4
Axes           | 3 4 5 |  5.5
Fighting       | 4 |  4.6
Dodging        | 1 |  1.3
Stealth        | |  0.5

Action                   |  1- 3 |  4- 6 || total
-------------------------+-------+-------++-------
Melee: War axe           |   112 |   102 ||   214
       Headbutt          |    12 |    20 ||    32
  Use: Potion            |       |     4 ||     4
       Scroll            |       |     1 ||     1
 Stab: Distracted        |       |     1 ||     1
  Eat: Ration            |       |     2 ||     2
       Chunk             |       |     1 ||     1
Armor: Scale mail        |    59 |    34 ||    93
       Skin              |       |     8 ||     8
Dodge: Dodged            |    37 |    29 ||    66
Block: Shield            |    62 |    58 ||   120
